 Dungeon Sprint DCSS version 0.17-a0-1718-g72dbe4d (webtiles) character file.

171 Kidiri the Covered (level 5, 0/48 HPs)
             Began as a Minotaur Fighter on Aug 25, 2015.
             Was a Follower of Okawaru.
             Slain by an orc warrior
             ... wielding a +0 dire flail
              (15 damage)
             ... in the Dungeon (Sprint VII: "The Pits").
             The game lasted 00:02:02 (257 turns).

Kidiri the Covered (Minotaur Fighter)                Turns: 257, Time: 00:02:02

Health: 0/48       AC: 13    Str: 21    XL:     5   Next: 26%
Magic:  4/6        EV:  7    Int:  5    God:    Okawaru [*.....]
Gold:   0          SH: 10    Dex: 10    Spells: 0 memorised, 4 levels left

rFire  . . .     SeeInvis .     a - +0 war axe
rCold  . . .     Clarity  .     u - +3 chain mail
rNeg   . . .     SustAt   .     c - +0 shield
rPois  .         Gourm    .     (helmet restricted)
rElec  .         Spirit   .     (no cloak)
rCorr  .         Warding  .     (no gloves)
rMut   .         NoTele   +     (no boots)
MR     .....                    (no amulet)
Stlth  ..........               (no ring)
                                (no ring)

@: not resistant to hostile enchantments, extremely unstealthy
A: retaliatory headbutt, horns 2
a: Heroism, Renounce Religion


You were in the Dungeon.
You worshipped Okawaru.
Okawaru was aware of your devotion.
You were not hungry.

You visited 1 branch

Inventory:

Hand weapons
 a - a +0 war axe (weapon)
Armour
 c - a +0 shield (worn)
 u - a +3 chain mail (worn)
Scrolls
 k - a scroll of blinking
 o - 3 scrolls of remove curse
 p - 5 scrolls of amnesia
 q - a scroll of summoning
Potions
 d - a potion of might
 f - 6 potions of curing
 h - a potion of haste
 i - 4 potions of magic
 j - 3 potions of berserk rage
 n - 2 potions of invisibility
 s - 5 potions of heal wounds
Comestibles
 e - 8 bread rations
 g - 3 chunks of flesh
 l - 40 fruits
 m - 7 meat rations


   Skills:
 + Level 5.5 Fighting
 * Level 6.4 Axes
 * Level 7.2 Armour
 + Level 3.5 Dodging
 * Level 7.0 Shields
 + Level 3.3 Invocations


You had 4 spell levels left.
You didn't know any spells.

Dungeon Overview and Level Annotations

Branches:
Dungeon (1/1)

Altars:
Ashenzari
Cheibriados
Dithmenos
Elyvilon
Fedhas
Gozag
Kikubaaqudgha
Makhleb
Nemelex Xobeh
Okawaru
Qazlal
Ru
Sif Muna
Trog
Vehumet
Xom
Yredelemnul
Zin
The Shining One
Beogh
Jiyva
Lugonu


Innate Abilities, Weirdness & Mutations

You reflexively headbutt those who attack you in melee.
You have a pair of horns on your head.


Message History

Your Dodging skill increases to level 3!
Your Shields skill gained 2 levels and is now at level 7!
Your Invocations skill increases to level 3!
You have reached level 5!
The orc wizard mumbles some strange words.
The orc wizard seems to speed up.
You block the orc warrior's attack.
Things that are here:
a giant spiked club; an ogre corpse You hit the orc warrior.
The orc warrior is lightly wounded.
You block the orc warrior's attack.
You slash the orc warrior! You headbutt the orc warrior.
The orc warrior is severely wounded.
The orc warrior closely misses you. You furiously retaliate!
You headbutt the orc warrior, but do no damage.
You completely miss the orc warrior.
The orc warrior is severely wounded.
The orc warrior hits you with a dire flail!
You die...

#_#)))#.#?(##.....
#######+#####.....
#...........'.....
#'#####+#####.....
#.#..#.)...##.....
#.#))#####+#####+#
#.#))#.....##.....
#.#))#.....##.....
#@#[[###(####.....
#o##+#)....##...<.
#o#)....)..##.....
#.#........##.....
#'###########.....
#.......# ######
#..#.#..# #.## #
#..


You could see an orc warrior and an orc wizard.

Vanquished Creatures
  An ogre (D)
  A big kobold (D)
  A giant eyeball (D)
  3 orcs (D)
  A bat skeleton (D)
  A bat zombie (D)
  A quokka (D)
  A rat (D)
10 creatures vanquished.

Notes
Turn   | Place    | Note
--------------------------------------------------------------
     0 | D        | Kidiri the Minotaur Fighter began the quest for the Orb.
     0 | D        | Reached XP level 1. HP: 19/19 MP: 0/0
    28 | D        | Reached skill level 4 in Armour
    39 | D        | Found a sacrificial altar of Ru.
    39 | D        | Found a basalt altar of Yredelemnul.
    39 | D        | Found a shadowy altar of Dithmenos.
    39 | D        | Found a deep blue altar of Sif Muna.
    39 | D        | Found a burning altar of Makhleb.
    39 | D        | Found a shimmering altar of Xom.
    39 | D        | Found an ancient bone altar of Kikubaaqudgha.
    39 | D        | Found a sparkling altar of Nemelex Xobeh.
    41 | D        | Found a bloodstained altar of Trog.
    41 | D        | Found a corrupted altar of Lugonu.
    41 | D        | Found a viscous altar of Jiyva.
    54 | D        | Found a glowing golden altar of the Shining One.
    54 | D        | Found a glowing silver altar of Zin.
    59 | D        | Found a shattered altar of Ashenzari.
    59 | D        | Found a white marble altar of Elyvilon.
    59 | D        | Found a snail-covered altar of Cheibriados.
    59 | D        | Found a blossoming altar of Fedhas.
    59 | D        | Found a radiant altar of Vehumet.
    59 | D        | Found a roughly hewn altar of Beogh.
    59 | D        | Found an iron altar of Okawaru.
    65 | D        | Found a stormy altar of Qazlal.
    66 | D        | Found an opulent altar of Gozag.
    68 | D        | Became a worshipper of Warmaster Okawaru
   120 | D        | Noticed a big kobold
   121 | D        | Paralysed by a giant eyeball for 2 turns
   125 | D        | Reached skill level 1 in Dodging
   125 | D        | Reached skill level 1 in Invocations
   125 | D        | Reached XP level 2. HP: 8/27 MP: 1/1
   125 | D        | HP: 1/27 [big kobold/club (5)]
   134 | D        | Killed a big kobold
   134 | D        | Reached skill level 5 in Axes
   134 | D        | Reached skill level 6 in Armour
   134 | D        | Reached skill level 5 in Shields
   134 | D        | Reached XP level 3. HP: 25/35 MP: 1/3
   134 | D        | Reached XP level 4. HP: 29/41 MP: 1/4
   239 | D        | Noticed an orc wizard
   240 | D        | Noticed an ogre
   240 | D        | Noticed an orc warrior
   253 | D        | Killed an ogre
   253 | D        | Acquired Okawaru's first power
   253 | D        | Reached skill level 5 in Fighting
   253 | D        | Reached skill level 7 in Armour
   253 | D        | Reached XP level 5. HP: 14/48 MP: 4/6
   257 | D        | Slain by an orc warrior

Vault maps used:
D:        pitsprint

Action                   |  1- 3 |  4- 6 || total
-------------------------+-------+-------++-------
Melee: War axe           |    24 |     7 ||    31
  Use: Potion            |     1 |       ||     1
